 Dungeon Crawl Stone Soup version 0.22-a0-284-g99d1f74 (webtiles) character file.

111 Gorglomux the Skirmisher (level 4, -1/40 HPs)
             Began as a Naga Fighter on Mar 22, 2018.
             Killed by nerve-wracking pain
             ... invoked by an orc priest
              (13 damage)
             ... on level 3 of the Dungeon.
             The game lasted 00:01:44 (1154 turns).

Gorglomux the Skirmisher (Naga Fighter)             Turns: 1154, Time: 00:01:45

Health: -1/40      AC:  8    Str: 24    XL:     4   Next: 92%
Magic:  4/4        EV:  6    Int:  8    God:
Gold:   66         SH:  9    Dex: 11    Spells: 3/3 levels left

rFire    . . .     SeeInvis +   a - +0 war axe
rCold    . . .     Gourm    .   c - +0 shield
rNeg     . . .     Faith    .   b - +0 scale mail
rPois    +         Spirit   .   (no helmet)
rElec    .         Reflect  .   (no cloak)
rCorr    .         Harm     .   t - +0 pair of gloves
MR       .....                  (no barding)
Stlth    ..........             p - amulet of rage
HPRegen  0.13/turn              h - +2 ring of protection
MPRegen  0.09/turn              (no ring)

@: mighty, very slow
A: large, see invisible, deformed body, frail 1, sense surroundings 1, poison
resistance, screaming 1, slowness 2, slow metabolism 1, spit poison 1, sturdy
frame 1, AC +1
a: Spit Poison, Evoke Berserk Rage


You were on level 3 of the Dungeon.
You were not hungry.

You visited 1 branch of the dungeon, and saw 3 of its levels.

You collected 66 gold pieces.

Inventory:

Hand Weapons
 a - a +0 war axe (weapon)
Armour
 b - a +0 scale mail (worn)
 c - a +0 shield (worn)
 t - a +0 pair of gloves (worn)
Jewellery
 h - a +2 ring of protection (left hand)
 p - an amulet of rage (around neck)
Scrolls
 g - 3 scrolls of teleportation {unknown}
 j - a scroll of enchant weapon {unknown}
 l - 2 scrolls of identify {unknown}
 m - a scroll of remove curse {unknown}
Potions
 k - a potion of brilliance
 n - 2 potions of flight
Comestibles
 f - 4 rations
 i - 2 chunks of flesh


   Skills:
 + Level 4.3 Fighting
 + Level 3.7 Axes
 - Level 2.4 Armour
 - Level 2.4 Shields


You had 3 spell levels left.
You didn't know any spells.

Dungeon Overview and Level Annotations

Branches:
Dungeon (3/15)

Altars:


Innate Abilities, Weirdness & Mutations

You cannot wear boots.
Your serpentine skin is tough. (AC +1)
You have supernaturally acute eyesight. (SInv)
Armour fits poorly on your strangely shaped body.
Your system is resistant to poisons. (rPois)
You cover ground very slowly.
You have a slow metabolism.
You can spit poison.
You are frail. (-10% HP)
You passively map a small area around you.
You occasionally shout uncontrollably at your foes.
Your movements are slightly less encumbered by armour. (ER -2)


Message History

The orc priest closely misses you!
The orc priest looks encouraged for a moment!
Unknown command!
You barely miss the orc priest!
The orc priest is moderately wounded!
You block the orc priest's attack! The orc priest barely misses you!
Unknown command!
You carve the orc priest like a ham!!!
The orc priest is almost dead!
The orc priest barely misses you!
Unknown command!
You chop the orc priest into pieces!!!
You butt the orc priest!!!
The orc priest miscasts a cantrip!
Unknown command!
You butt the orc into ribbons!!!!!!
You annihilate the orc!!!
The orc priest invokes the aid of Beogh against you!
Pain shoots through your body!!! rip

## #. , #o #####*
* * #. #... ,#
####.###.###..##
*
#...o)@....(....
* *
....##.###.###..#
* . #. #.# *, *
*####.###.####.#
, ..............#
* ###............
#..<..####.## * ,
#..........#
##......... ,


You could see an orc priest.

Vanquished Creatures
  An orc priest (D:3)
  Jessica (D:2)
  5 dart slugs
  A leopard gecko (D:2)
  2 orcs (D:3)
  A ball python (D:2)
  3 giant cockroaches
  2 goblins
  11 hobgoblins
  3 bats
  A frilled lizard (D:2)
  3 kobolds (D:1)
  6 rats
40 creatures vanquished.

Notes
Turn   | Place    | Note
-------+----------+-------------------------------------------
     0 | D:1      | Gorglomux the Naga Fighter began the quest for the Orb.
     0 | D:1      | Reached XP level 1. HP: 21/21 MP: 1/1
   139 | D:1      | Reached XP level 2. HP: 23/28 MP: 2/2
   252 | D:1      | Reached XP level 3. HP: 28/34 MP: 3/3
   520 | D:2      | Reached skill level 3 in Axes
   669 | D:2      | Noticed Jessica
   676 | D:2      | Killed Jessica
   676 | D:2      | Reached skill level 4 in Fighting
   676 | D:2      | Reached XP level 4. HP: 39/44 MP: 4/4
  1140 | D:3      | Gained mutation: Your movements are slightly less encumbered by armour. (ER -2) [potion of mutation]
  1140 | D:3      | Gained mutation: You occasionally shout uncontrollably at your foes. [potion of mutation]
  1140 | D:3      | Gained mutation: You are frail. (-10% HP) [potion of mutation]
  1140 | D:3      | Gained mutation: You passively map a small area around you. [potion of mutation]
  1154 | D:3      | Killed from afar by an orc priest

Vault maps used:
D:1:      lemuel_arrival_behind_the_door_small
D:2:      minmay_pentomino_q4, uniq_jessica
D:3:      first_ration, hangedman_abyss_or_decor_lesser_grid,
          uniq_crazy_yiuf_cottage, uniq_natasha, uniq_ijyb

Skill      XL: |  1  2  3 |
---------------+----------+-----
Axes           | 3 |  3.7
Fighting       | 4 |  4.3
Armour         | |  2.4
Shields        | |  2.4

Action                   |  1- 3 |  4- 6 || total
-------------------------+-------+-------++-------
Melee: War axe           |    77 |    28 ||   105
 Abil: Spit Poison       |     1 |       ||     1
  Use: Potion            |       |     6 ||     6
  Eat: Chunk             |       |     1 ||     1
Armor: Scale mail        |    41 |    15 ||    56
Dodge: Dodged            |    22 |     9 ||    31
Block: Shield            |    34 |    13 ||    47

Table legend:
 A = Spawn XP
 B = Non-spawn XP
 C = Spawn XP percentage of total XP
 D = Spawn monster count
 E = Non-spawn monster count
 F = Spawn count percentage of total count
 G = Total turns spent on level
                    A         B        C        D         E        F      G
               +---------+---------+-------+---------+---------+-------+---------
         Total |       0 |     159 |   0.0 |       0 |      40 |   0.0 |  1154
               +---------+---------+-------+---------+---------+-------+---------
           D:1 |       0 |      45 |   0.0 |       0 |      22 |   0.0 |   434
           D:2 |       0 |      64 |   0.0 |       0 |      15 |   0.0 |   691
           D:3 |       0 |      50 |   0.0 |       0 |       3 |   0.0 |    29
               +---------+---------+-------+---------+---------+-------+---------
